Map: Goldenaura LE

Players

Spazymazy

  • Race: Zerg Zerg
  • League: Master
  • Spawn Location: 5:00

ShoWTimE - Winner!

  • Race: Protoss Protoss
  • League: Master
  • Spawn Location: 12:00

Event: HomeStory Cup XXV

VOD

Have the link to the VOD?

Description

Time

  • Played on: June 22, 2024, 8:45 a.m.
  • Length: 9:01

All games in this series

Show
View Real Time Build Order
Export as new Build Order

Spazymazy Zerg 

Build Orders: Hatch First, Lurkers 

Get SALT Encoding   

  12  0:00  Drone  
  13  0:11  Overlord  
  13  0:17  Drone  
  14  0:32  Drone x2  
  16  0:48  Hatchery  
  15  0:51  Drone  
  15  0:56  Drone  
  17  0:59  Drone  
  18  1:10  Extractor  
  17  1:14  Spawning Pool  
  17  1:18  Drone  
  17  1:23  Drone  
  18  1:27  Drone  
  19  1:39  Overlord  
  19  1:49  Drone  
  20  2:01  Queen x2  
  20  2:02  Zergling x2  
  20  2:03  Zergling x2  
  26  2:11  Drone  
  27  2:15  Metabolic Boost  
  27  2:18  Drone  
  27  2:21  Drone  
  29  2:23  Drone  
  30  2:39  Hatchery  
  29  2:44  Queen  
  29  2:47  Drone  
  32  2:53  Overlord  
  32  2:55  Drone  
  33  3:00  Drone x2  
  33  3:04  Drone  
  36  3:10  Overlord  
  36  3:13  Drone x2  
  36  3:14  Drone  
  36  3:15  Zergling x2  
  36  3:16  Zergling x2  
  41  3:23  Queen  
  41  3:26  Zergling x2  
  43  3:29  Zergling x2  
  43  3:30  Zergling x4  
  46  3:36  Drone  
  46  3:40  Drone, Spore Crawler  
  47  3:42  Drone x3  
  47  3:45  Drone  
  50  3:56  Drone x2  
  50  3:57  Zergling x2  
  50  3:58  Zergling x6  
  54  4:03  Spore Crawler, Queen  
  54  4:04  Drone  
  54  4:07  Drone  
  56  4:10  Drone  
  56  4:11  Drone  
  56  4:15  Drone  
  56  4:16  Overlord  
  57  4:20  Overlord  
  57  4:21  Overlord  
  57  4:27  Overlord  
  57  4:30  Lair  
  57  4:31  Drone  
  57  4:36  Spore Crawler  
  56  4:39  Drone  
  56  4:42  Drone x4  
  61  4:47  Drone x3  
  63  4:53  Drone x2  
  63  4:56  Drone x3  
  63  4:59  Queen, Evolution Chamber  
  66  5:08  Drone x2  
  66  5:09  Drone  
  66  5:10  Drone  
  66  5:11  Drone x2  
  72  5:14  Extractor x2  
  72  5:16  Overlord  
  72  5:19  Roach Warren  
  69  5:26  Drone x3  
  69  5:29  Drone  
  69  5:30  Drone  
  69  5:32  Extractor  
  69  5:33  Spire  
  69  5:37  Drone x3  
  69  5:42  Drone x2  
  74  5:47  Drone x6  
  80  5:52  Hydralisk Den  
  75  5:59  Roach  
  75  6:00  Zergling x2, Roach x4  
  75  6:02  Queen  
  88  6:05  Extractor  
  88  6:06  Extractor  
  88  6:08  Overlord x2  
  88  6:09  Queen  
  88  6:13  Roach  
  90  6:20  Glial Reconstitution  
  90  6:28  Hydralisk x2  
  90  6:29  Zergling x2  
  90  6:30  Zergling x6  
  97  6:37  Overlord x2  
  97  6:38  Lurker Den  
  97  6:43  Grooved Spines  
  97  6:48  Overlord x3  
  97  6:52  Overlord  
  97  6:55  Overlord  
  97  6:56  Hydralisk  
  97  6:57  Hydralisk x3, Zerg Missile Weapons Level 1  
  105  7:03  Overlord x2  
  105  7:07  Hydralisk x2  
  108  7:12  Hatchery  
  104  7:17  Drone x2  
  104  7:18  Drone x2  
  104  7:19  Drone x2, Hydralisk  
  110  7:32  Hydralisk x5  
  110  7:35  Zergling x8  
  119  7:40  Hydralisk x2  
  119  7:43  Muscular Augments  
  117  7:45  Zergling x4  
  117  7:48  Lurker  
  117  7:49  Lurker  
  119  7:51  Queen  
  119  7:54  Overseer  
  121  7:59  Zergling x12  
  123  8:11  Hydralisk x3  
  122  8:16  Hydralisk x2  
  121  8:22  Hydralisk x2  
  121  8:23  Zergling x2  
  121  8:24  Hydralisk x2  
  121  8:25  Zergling x4  
  127  8:29  Infestation Pit  
  127  8:31  Lurker x2  
  128  8:38  Zergling x2, Roach  
  128  8:39  Zergling x6  
  128  8:40  Hatchery  
Show
View Real Time Build Order
Export as new Build Order

ShoWTimE Protoss - Winner!

Build Orders: 1 Gate Expand, Oracle Opening 

Get SALT Encoding   

  12  0:00  Probe  
  13  0:12  Probe  
  14  0:17  Pylon  
  14  0:24  Probe (Chrono Boost)  
  15  0:36  Probe (Chrono Boost)  
  15  0:37  Gateway  
  16  0:44  Probe (Chrono Boost)  
  16  0:46  Assimilator  
  17  0:50  Probe  
  18  1:02  Probe  
  19  1:15  Probe  
  20  1:23  Nexus  
  20  1:33  Cybernetics Core  
  20  1:36  Probe  
  21  1:42  Assimilator  
  21  1:48  Probe  
  21  1:50  Pylon  
  22  2:00  Probe  
  23  2:06  Adept (Chrono Boost)  
  23  2:12  Probe  
  26  2:19  Stargate  
  26  2:25  Probe (Chrono Boost)  
  26  2:27  Adept (Chrono Boost)  
  29  2:34  Warp Gate  
  29  2:35  Probe (Chrono Boost)  
  31  2:42  Probe (Chrono Boost)  
  32  2:45  Probe (Chrono Boost)  
  32  2:49  Adept, Probe (Chrono Boost)  
  32  2:50  Probe (Chrono Boost)  
  36  3:01  Probe  
  36  3:02  Probe, Pylon  
  36  3:04  Oracle (Chrono Boost)  
  41  3:13  Probe  
  41  3:14  Probe  
  41  3:19  Adept  
  45  3:25  Gateway, Probe  
  46  3:31  Probe  
  47  3:36  Oracle (Chrono Boost)  
  47  3:37  Probe  
  51  3:43  Pylon  
  51  3:44  Probe  
  52  3:49  Probe  
  53  3:56  Probe  
  53  4:01  Nexus  
  53  4:02  Probe  
  55  4:05  Pylon  
  55  4:08  Probe  
  56  4:12  Oracle (Chrono Boost)  
  56  4:14  Probe  
  60  4:19  Assimilator  
  60  4:22  Assimilator  
  60  4:23  Adept  
  62  4:24  Adept  
  62  4:25  Probe  
  62  4:30  Probe  
  64  4:32  Shield Battery  
  64  4:37  Probe  
  63  4:40  Pylon  
  63  4:42  Probe  
  63  4:44  Stalker  
  63  4:45  Stalker  
  68  4:49  Probe  
  69  4:54  Probe  
  69  4:55  Twilight Council  
  70  5:01  Probe  
  72  5:08  Probe (Chrono Boost)  
  72  5:13  Shield Battery, Probe (Chrono Boost)  
  73  5:15  Forge, Probe (Chrono Boost)  
  75  5:23  Probe (Chrono Boost)  
  75  5:24  Blink (Chrono Boost), Probe x2 (Chrono Boost)  
  75  5:25  Stalker x2  
  81  5:28  Probe (Chrono Boost)  
  81  5:29  Probe (Chrono Boost)  
  81  5:30  Probe, Pylon  
  84  5:37  Robotics Facility  
  84  5:39  Probe  
  85  5:43  Probe  
  85  5:48  Stalker x2  
  90  5:51  Photon Cannon  
  90  5:55  Protoss Ground Weapons Level 1 (Chrono Boost)  
  90  5:56  Gateway  
  90  5:59  Gateway  
  90  6:02  Gateway  
  90  6:05  Gateway  
  90  6:15  Gateway  
  90  6:17  Gateway  
  90  6:19  Stalker x2  
  90  6:22  Warp Prism (Chrono Boost)  
  90  6:23  Probe  
  90  6:25  Pylon  
  97  6:30  Photon Cannon  
  97  6:31  Photon Cannon  
  97  6:36  Pylon  
  97  6:43  Stalker x2  
  97  6:46  Pylon  
  101  6:50  Stalker, Observer  
  101  6:51  Charge (Chrono Boost)  
  106  6:57  Stalker x2  
  106  6:59  Pylon  
  108  7:16  Stalker x6  
  108  7:20  Pylon  
  120  7:25  Stalker x2  
  118  7:41  Stalker x5  
  126  7:46  Stalker  
  126  7:51  Zealot x2, Pylon  
  128  7:52  Pylon  
  128  8:00  Zealot x2  
  132  8:10  Zealot x6  
  144  8:13  Nexus  
  144  8:17  Pylon  
  144  8:27  Zealot x2  
  144  8:32  Pylon  
  148  8:40  Zealot x6  
  153  8:59  Zealot x2  
Tags
 
Add a new tag
Caveats
  • Supply blocks, unpowered buildings, or Contaminate may cause inaccurate times.
  • Supply counts are checked every 10 seconds.